 Dungeon Crawl Stone Soup version 0.30-a0-54-g2e61a25929 (webtiles) character file.

Game seed: 9601658309147553450

30 jlumianski the Chopper (level 3, 0/27 HPs)
             Began as a Demonspawn Gladiator on Sept 8, 2022.
             Slain by Terence
             ... wielding a +0 trident
              (8 damage)
             ... on level 2 of the Dungeon.
             The game lasted 00:04:22 (1145 turns).

jlumianski the Chopper (Demonspawn Gladiator)       Turns: 1145, Time: 00:04:23

Health: 0/27       AC:  5    Str: 16    XL:     3   Next: 5%
Magic:  3/3        EV: 11    Int:  9    God:
Gold:   43         SH:  0    Dex: 14    Spells: 2/2 levels left

rFire   . . .      SeeInvis .    a - +0 war axe
rCold   . . .      Faith    .    (no shield)
rNeg    . . .      Spirit   .    o - +0 ring mail
rPois   .          Reflect  .    (helmet restricted)
rElec   .          Harm     .    (no cloak)
rCorr   .          Rampage  .    (no gloves)
Will    .....                    (no boots)
Stlth   +.........               (no amulet)
HPRegen 0.09/turn                (no ring)
MPRegen 0.08/turn                (no ring)

@: no status effects
A: horns 1, powered by death 1
a: no special abilities


You were on level 2 of the Dungeon.
You visited 1 branch of the dungeon, and saw 2 of its levels.

You collected 43 gold pieces.

Inventory:

Hand Weapons
 a - a +0 war axe (weapon)
Missiles
 d - 3 throwing nets
 e - a javelin
 f - 4 poisoned darts (quivered)
 i - 3 silver boomerangs
 n - 21 stones
Armour
 b - a +0 leather armour
 c - a +0 helmet
 o - a +0 ring mail (worn)
Scrolls
 g - 2 scrolls of identify {unknown}
 j - a scroll of silence {unknown}
 l - a scroll of butterflies {unknown}
Potions
 h - a potion of brilliance {unknown}
 k - a potion of attraction {unknown}
 m - 2 potions of lignification {unknown}


   Skills:
 + Level 2.1 Fighting
 + Level 3.4 Axes
 + Level 1.8 Throwing
 + Level 0.3 Armour
 + Level 3.0 Dodging


You had 2 spell levels left.
You didn't know any spells.
Your spell library was empty.

Dungeon Overview and Level Annotations

Branches:
Dungeon (2/15)

Altars:

Shops:
D:1 :

Annotations:
D:2 Terence


Innate Abilities, Weirdness & Mutations

You have a pair of small horns on your head.
You regenerate a little health from kills.


Message History

The quokka is severely wounded.
The quokka bites you. The quokka barely misses you.
You closely miss the quokka.
The quokka is severely wounded.
The quokka barely misses you.
You slash the quokka!
You kill the quokka!
You see here a quokka corpse.
A goblin comes into view. It is wielding a +0 club.
The goblin shouts!
You slash the goblin!
You kill the goblin!
You have reached level 3!
Your experience leads to an increase in your attributes!
Increase (S)trength, (I)ntelligence, or (D)exterity?
You feel stronger. x2; Your demonic ancestry asserts itself...
A wave of death washes over you.
Things that are here:
a +0 club; a goblin corpse Terence the Incautious comes into view.
He is wielding a +0 trident.
Terence shouts!
Terence shouts, "Get ready for death!"
A goblin comes into view. It is wielding a +0 dagger.
The goblin shouts!
The kobold shouts!
You hear a shout!
The goblin hits you with a +0 dagger. The goblin attacks as you move away!
The goblin hits you with a +0 dagger. The goblin barely misses you.
Terence shouts, "DIE!!!"
Terence misses you. The goblin attacks as you move away!
The goblin hits you but does no damage.
You completely miss the goblin. The goblin hits you with a +0 dagger.
You slash the goblin!
You kill the goblin!
Terence hits you from afar with a +0 trident!
Terence hits you with a +0 trident.
* * * LOW HITPOINT WARNING * * *
You hit Terence.
Terence is lightly wounded.
Terence closely misses you. Terence hits you with a +0 trident!
You die...

##...<....## #....g.....#
#..........# #..........#
#..........# #....[.....#
#######......K.##
#....#..........#
##.##@#..K.......# ####
##..##@#....?.....# ...#
#..###g...g.......#
##.########)####..............
#.....†.......#.##.........##.
#####..######...###.......#.
#.## #...##.........# #..#
..#.. .... ### #.## #.# #. ...


You could see Terence and a hobgoblin.

Vanquished Creatures
  2 dart slugs
  3 endoplasms (D:1)
  3 giant cockroaches
  2 goblins (D:2)
  A hobgoblin (D:1)
  2 quokkas
  3 ball pythons
  A bat (D:1)
  A frilled lizard (D:1)
  6 kobolds
  A rat (D:1)
25 creatures vanquished.

Notes
Turn   | Place    | Note
-------+----------+-------------------------------------------
     0 | D:1      | jlumianski the Demonspawn Gladiator began the quest for the
                  | Orb.
     0 | D:1      | Reached XP level 1. HP: 16/16 MP: 1/1
   308 | D:1      | Gained mutation: You have a pair of small horns on your
                  | head. [demonic ancestry]
   308 | D:1      | Reached XP level 2. HP: 20/22 MP: 2/2
   660 | D:1      | Found Oqyeqo's Book Shoppe.
  1124 | D:2      | Gained mutation: You regenerate a little health from kills.
                  | [demonic ancestry]
  1124 | D:2      | Reached XP level 3. HP: 22/27 MP: 3/3
  1135 | D:2      | Noticed Terence
  1145 | D:2      | Slain by Terence

Illustrated notes

Levels and vault maps discovered:
D:1:      scummos_arrival_hexagon, layout_loops_corners, serial_shops, shop
D:2:      layout_rooms, uniq_terence

Skill      XL: |  1  2 |
---------------+-------+-----
Axes           | 3 |  3.4
Dodging        | 3 |  3.0
Fighting       | |  2.1
Throwing       | |  1.8
Armour         | |  0.3

Action                   || total
-------------------------++-------
Melee: War axe           ||    58
       Headbutt          ||     2
       Punch             ||     1
Armor: Leather armour    ||    11
       Ring mail         ||     3
Dodge: Dodged            ||    47

Table legend: (Time is in decaauts)
 A = Elapsed time spent in this place.
 B = Non-inter-level travel time spent in this place.
 C = Inter-level travel time spent in this place.
 D = Time resting spent in this place.
 E = Time spent auto-exploring this place.
 F = Levels seen in this place.
 G = Mean time per level.
                   A        B        C        D        E       F      G
               +--------+--------+--------+--------+--------+-----+--------+
         Total |   1167 |   1167 |      0 |      0 |    751 |   2 |  583.5 |
       Dungeon |   1167 |   1167 |      0 |      0 |    751 |   2 |  583.5 |
               +--------+--------+--------+--------+--------+-----+--------+

Top non-repeatable levels by time:
     D:1: 975 daAuts
     D:2: 191 daAuts
